 Dungeon Crawl Stone Soup version 0.18.1-48-g4cf74bf (webtiles) character file.

5122 Joat the Covert (level 10, 0/66 HPs)
             Began as an Octopode Transmuter on Aug 29, 2016.
             Was a Believer of Dithmenos.
             Slain by a yak (18 damage)
             ... on level 9 of the Dungeon.
             The game lasted 01:08:48 (10824 turns).

Joat the Covert (Octopode Transmuter)              Turns: 10824, Time: 01:08:48

Health: 0/66       AC:  2    Str: 10    XL:     10   Next: 58%
Magic:  23/25      EV: 25    Int: 15    God:    Dithmenos [**....]
Gold:   488        SH:  0    Dex: 21    Spells: 2 memorised, 10 levels left

rFire  + . .     SeeInvis .       - Unarmed
rCold  . . .     Gourm    .     (shield currently unavailable)
rNeg   . . .     Faith    .     (helmet currently unavailable)
rPois  x         Spirit   .     A - amulet of dismissal
rElec  .         Dismiss  +     j - ring of magical power
rCorr  .         Reflect  .     y - ring of protection from fire
SustAt .         Harm     .     (no ring)
MR     .....                    (no ring)
Stlth  +++++++...               (no ring)
                                (no ring)
                                (no ring)
                                (no ring)

@: spider-form, wreathed by umbra, not resistant to hostile enchantments,
extremely stealthy
A: almost no armour, (amphibious), 8 rings, (constrict 8), (camouflage 0),
(gelatinous body 0)
a: End Transformation, Shadow Step, Renounce Religion


You were on level 9 of the Dungeon.
You worshipped Dithmenos.
Dithmenos was pleased with you.
You were not hungry.
You were a venomous arachnid creature.
You visited 1 branch of the dungeon, and saw 9 of its levels.

You collected 530 gold pieces.
You spent 42 gold pieces at shops.

Inventory:

Hand Weapons
 o - a +2 dagger of electrocution
 u - the +6 trident of Vuafe (melded) {freeze, rElec rF+}
   (You found it on level 9 of the Dungeon)

   It has been specially enchanted to freeze those struck by it, causing extra
   injury to most foes and up to half again as much damage against particularly
   susceptible opponents.
   It can also slow down cold-blooded creatures.
   It protects you from fire.
   It insulates you from electricity.
Missiles
 a - 217 arrows
Armour
 B - a +2 hat (melded)
Jewellery
 j - a ring of magical power (left front leg)
 y - a ring of protection from fire (right front leg)
 A - an amulet of dismissal (around neck)
Wands
 g - a wand of enslavement (13/24)
 t - a wand of confusion (26/48)
Scrolls
 e - a scroll of random uselessness
 f - 4 scrolls of fog
 h - a scroll of enchant armour
 s - 3 scrolls of remove curse
 w - 2 scrolls of teleportation
 D - 4 scrolls of blinking {unknown}
Potions
 d - 4 potions of lignification {unknown}
 i - 3 potions of agility
 k - 4 potions of curing
 l - a potion of invisibility
 m - 2 potions of might
 n - 2 potions of ambrosia
 r - 3 potions of degeneration
 v - 3 potions of mutation
 x - 2 potions of cancellation
 z - 3 potions of heal wounds
Books
 b - a book of Changes

   Spells                             Type                      Level
   a - Beastly Appendage              Transmutation                1
   b - Sticks to Snakes               Transmutation                2
   c - Spider Form                    Transmutation/Poison         3
   d - Ice Form                       Ice/Transmutation            4
   e - Blade Hands                    Transmutation                5
Comestibles
 c - 9 bread rations
 p - a meat ration
 q - 9 beef jerkies
 C - 3 fruits


   Skills:
 + Level 5.3 Fighting
 - Level 4.3 Short Blades
 * Level 3.6 Polearms
 + Level 5.2 Dodging
 + Level 8.4 Stealth
 + Level 5.1 Unarmed Combat
 - Level 4.2 Spellcasting
 + Level 5.1 Transmutations
 + Level 4.6 Ice Magic
 + Level 6.4 Poison Magic


You had 10 spell levels left.
You knew the following spells:

 Your Spells              Type           Power        Failure   Level  Hunger
c - Ice Form              Ice/Trmt       ###.....     50%         4    ####...
v - Spider Form           Trmt/Pois      ###.......   17%         3    ###....


Dungeon Overview and Level Annotations

Branches:
Dungeon (9/15)             Temple (0/1) D:6            Lair (0/8) D:9
    Orc: D:9-12

Altars:
Dithmenos
Fedhas
Gozag
The Shining One

Shops:
D:5 %   D:8 *

Annotations:
D:2 Robin
D:9 exclusion: elephant


Innate Abilities, Weirdness & Mutations

You cannot wear most types of armour.
((You are amphibious.))
You can wear up to eight rings at the same time.
((You can use your tentacles to constrict eight enemies at once.))
((Your skin changes colour to match your surroundings (Stealth).))
((Your rubbery body absorbs attacks (AC +1).))


Message History

You completely miss the yak.
The yak is almost dead.
You kill the yak!
Dithmenos accepts your kill.
You hit the yak but do no damage.
The yak is poisoned.
The yak closely misses you.
You hit the yak.
The yak looks even sicker.
The yak is lightly wounded.
The yak misses you.
You hit the yak but do no damage. The yak gores you but does no damage.
You hit the yak.
The yak is lightly wounded.
The yak gores you but does no damage.
You hit the yak.
The yak is heavily wounded.
The yak closely misses you.
You hit the yak.
The yak is severely wounded.
The yak gores you!!
You die...

#..........#####........####.....
#..........+...#........'.##.....
#..........###.'........#.##.....
#........[.# ###........#.##.....
#..........# #.....>..#........
#..........# #........####.....
##'######### ###'###### ###.##
#.....[..# #...# #..#
########'#### #s### ###.#
#.........###Y##### #....
#####.###.#..†....### #....
...#...........'.### #....
###.#.##........#...## #....
..#.#.#.......###..# #.... ###
#.#.......# ##.###...)
#.#.......# #........ #.#.......#
#####....


You could see a yak.

Vanquished Creatures
  The ghost of mopl the Experimenter, a novice VSWn of Pakellas (D:7)
  A two-headed ogre (D:8)
  A troll (D:9)
  A wyvern (D:8)
  4 yaks (D:9)
  Eustachio (D:5)
  2 hippogriffs (D:7)
  2 orc warriors
  An ice beast (D:9)
  2 phantoms
  3 sky beasts
  3 centaurs
  A wasp (D:9)
  4 ogres
  4 giant frogs
  2 scorpions
  A jelly (D:9)
  3 howler monkeys (D:5)
  4 crimson imps
  2 giant frog zombies
  8 hounds
  4 orc priests
  7 orc wizards
  A giant frog skeleton (D:4)
  An iguana (D:8)
  3 worker ants
  A hound skeleton (D:9)
  A worker ant zombie (D:9)
  A howler monkey zombie (D:6)
  4 gnolls (D:5)
  2 howler monkey skeletons
  12 adders
  4 shadow imps
  2 adder skeletons
  2 adder zombies
  2 worms
  3 dart slugs
  4 giant geckos
  30 orcs
  8 giant cockroaches
  19 goblins
  8 hobgoblins
  2 jackals (D:2)
  2 quokkas
  6 bats
  A giant gecko skeleton (D:4)
  4 giant newts
  5 kobolds
  8 rats
  2 rat zombies (D:7)
200 creatures vanquished.

Vanquished Creatures (others)
  2 fungi (D:9)
2 creatures vanquished.

Grand Total: 202 creatures vanquished

Notes
Turn   | Place    | Note
--------------------------------------------------------------
     0 | D:1      | Joat the Octopode Transmuter began the quest for the Orb.
     0 | D:1      | Reached XP level 1. HP: 13/13 MP: 3/3
   321 | D:1      | Reached XP level 2. HP: 17/18 MP: 5/5
   875 | D:2      | Noticed Robin
   889 | D:2      | Reached XP level 3. HP: 23/24 MP: 6/6
   906 | D:1      | Learned a level 3 spell: Spider Form
  1236 | D:2      | Reached skill level 1 in Poison Magic
  1445 | D:2      | Reached XP level 4. HP: 28/29 MP: 7/7
  1508 | D:2      | Found a glowing golden altar of the Shining One.
  1512 | D:2      | Reached skill level 1 in Short Blades
  1552 | D:2      | Found an opulent altar of Gozag.
  1874 | D:3      | Found a faded altar to an unknown god.
  2764 | D:4      | Noticed an ogre
  2776 | D:4      | Killed an ogre
  2776 | D:4      | Reached XP level 5. HP: 35/35 MP: 5/8
  2788 | D:4      | Learned a level 4 spell: Ice Form
  2963 | D:4      | Reached XP level 6. HP: 33/41 MP: 9/9
  3326 | D:4      | Found a shadowy altar of Dithmenos.
  3336 | D:4      | Became a worshipper of Dithmenos the Shadowed
  3603 | D:4      | Reached skill level 1 in Stealth
  3619 | D:4      | Noticed a phantom
  3657 | D:4      | Killed a phantom
  3657 | D:4      | Reached skill level 2 in Stealth
  3699 | D:4      | Reached XP level 7. HP: 19/45 MP: 11/11
  3908 | D:5      | Entered Level 5 of the Dungeon
  3927 | D:5      | Noticed Eustachio
  3980 | D:5      | Killed Eustachio
  3980 | D:5      | Reached skill level 3 in Stealth
  4000 | D:5      | Reached skill level 4 in Stealth
  4441 | D:5      | Reached XP level 8. HP: 48/52 MP: 12/12
  4663 | D:5      | Found Cigod's Food Emporium.
  4711 | D:5      | Reached skill level 1 in Ice Magic
  5032 | D:5      | Reached * piety under Dithmenos
  5530 | D:6      | Reached skill level 5 in Stealth
  5654 | D:6      | Found a staircase to the Ecumenical Temple.
  6467 | D:6      | Reached skill level 6 in Stealth
  6467 | D:6      | Reached XP level 9. HP: 58/58 MP: 11/14
  6715 | D:6      | Reached skill level 5 in Poison Magic
  6762 | D:7      | Noticed mopl's ghost (novice VSWn)
  6866 | D:7      | Found a sand-covered staircase.
  6946 | D:7      | Reached ** piety under Dithmenos
  6994 | D:7      | Found a blossoming altar of Fedhas.
  7310 | D:7      | Killed mopl's ghost
  7310 | D:7      | Reached skill level 7 in Stealth
  8442 | D:8      | Found Moj Soaf's General Store.
  8464 | D:8      | Bought a scroll of teleportation for 42 gold pieces
  8603 | D:8      | Reached XP level 10. HP: 47/65 MP: 13/16
  8955 | D:8      | Reached skill level 5 in Fighting
  8955 | D:8      | Reached skill level 5 in Dodging
  9274 | D:8      | HP: 3/66 [something (6)]
  9677 | D:8      | Reached skill level 5 in Unarmed Combat
  9951 | D:9      | Got an ancient trident
  9952 | D:9      | Identified the +6 trident of Vuafe {freeze, rElec rF+} (You found it on level 9 of the Dungeon)
 10014 | D:9      | Reached skill level 1 in Polearms
 10132 | D:9      | Found a staircase to the Lair.
 10132 | D:9      | Noticed an elephant
 10442 | D:9      | Reached skill level 8 in Stealth
 10770 | D:9      | Reached skill level 5 in Transmutations
 10824 | D:9      | Slain by a yak

Skill      XL: |  1  2  3  4  5  6  7  8  9 10 |
---------------+-------------------------------+-----
Poison Magic   | 1 2 3 4 6 |  6.4
Short Blades   | 2 3 4 |  4.3
Fighting       | 2 3 4 5 |  5.3
Dodging        | 3 4 5 |  5.2
Stealth        | 2 4 6 7 8 |  8.4
Spellcasting   | 3 4 |  4.2
Transmutations | 3 4 5 |  5.1
Ice Magic      | 2 4 |  4.6
Unarmed Combat | 4 5 |  5.1
Polearms       | 3 |  3.6

Action                   |  1- 3 |  4- 6 |  7- 9 | 10-12 || total
-------------------------+-------+-------+-------+-------++-------
Melee: Unarmed           |    76 |     8 |   101 |    93 ||   278
       Tentacles         |    15 |    16 |    30 |    10 ||    71
       Constrict         |    24 |    25 |    40 |    10 ||    99
       Dagger            |     6 |   110 |   205 |    39 ||   360
       Kick              |     2 |       |       |       ||     2
       Punch             |       |     6 |     6 |     1 ||    13
       Trident           |       |       |       |    26 ||    26
 Cast: Beastly Appendage |     3 |       |       |       ||     3
       Spider Form       |       |     1 |     7 |     7 ||    15
       Ice Form          |       |       |     2 |     2 ||     4
 Abil: End Transformatio |       |       |     1 |       ||     1
  Use: Scroll            |       |       |    14 |     2 ||    16
       Potion            |       |       |       |     1 ||     1
 Stab: Sleeping          |     2 |       |    13 |     4 ||    19
       Distracted        |       |     1 |     2 |     2 ||     5
  Eat: Chunk             |     2 |     6 |    13 |       ||    21
       Royal jelly       |       |       |     1 |       ||     1
       Fruit             |       |       |     1 |       ||     1
       Meat ration       |       |       |       |     2 ||     2
Armor: Skin              |    12 |     1 |    18 |    16 ||    47
Dodge: Dodged            |    51 |    61 |   183 |   110 ||   405
